 Dungeon Crawl Stone Soup version 0.31-a0-986-g5e6e4ef867 (webtiles) character file.

Game seed: 9367048133479347946

13950 Lobster4 the Unseen (level 11, -24/54 HPs)
             Began as a Spriggan Brigand on Nov 25, 2023.
             Was a High Priest of Dithmenos.
             Shot with a bolt by an orc warlord (26 damage)
             ... on level 9 of the Dungeon.
             The game lasted 01:00:20 (12455 turns).

Lobster4 the Unseen (Spriggan Brigand)             Turns: 12455, Time: 01:00:20

Health: -24/54     AC:  7    Str: 10    XL:     11   Next: 82%
Magic:  8/19       EV: 26    Int: 15    God:    Dithmenos [*****.]
Gold:   755        SH:  0    Dex: 28    Spells: 12/20 levels left

rFire   . . .        b - +3 arbalest of Onaemi {drain, rN+ Str+3 Dex+3}
rCold   . . .        (shield currently unavailable)
rNeg    + . .        R - +0 steam dragon scales
rPois   +            (helmet restricted)
rElec   .            I - +1 cloak {rCorr}
rCorr   +            (gloves unavailable)
SInv    +            (boots unavailable)
Will    +....        (no amulet) Stlth ***+++++++
                     p - +6 ring of dexterity
HPRegen 0.29/turn    P - ring of poison resistance
MPRegen 0.16/turn

%: no passive effects
@: wreathed by umbra, very quick
A: very small, no large weapons, unfitting armour, see invisible, speed 3
a: Renounce Religion, Shadow Step, Shadow Form


You were on level 9 of the Dungeon.
You worshipped Dithmenos.
Dithmenos was extremely pleased with you.
You visited 4 branches of the dungeon, and saw 14 of its levels.
You also visited: Ossuary.

You collected 755 gold pieces.

Inventory:

Hand Weapons
 a - a +4 vampiric dagger
 b - the +3 arbalest of Onaemi (weapon) {drain, rN+ Str+3 Dex+3}
   (You found it on level 3 of the Dungeon)

   Str+3:     It affects your strength (+3).
   Dex+3:     It affects your dexterity (+3).
   rN+:       It protects you from negative energy.
 y - a +2 dagger
 H - the +5 long sword "Wurch" {freeze, rPois rC- rN++ MP+9}
   (You found it on level 6 of the Dungeon)

   rC-:       It makes you vulnerable to cold.
   rPois:     It protects you from poison rN++: It greatly protects you from
   negative energy.
   MP+9:      It affects your magic capacity (+9).
 L - a +0 rapier
 M - a +3 short sword of venom
 O - a +0 orcbow
Missiles
 g - 2 boomerangs
 D - 3 darts of dispersal
Armour
 d - a +2 robe of willpower
 I - a +1 cloak of preservation (worn)
 R - +0 steam dragon scales (worn)
Jewellery
 p - a +6 ring of dexterity (left hand)
 P - a ring of poison resistance (right hand)
Talismans
 i - a beast talisman
 u - a blade talisman
 T - a serpent talisman
Wands
 c - a wand of flame (32)
 e - a wand of polymorph (4)
 t - a wand of digging (5)
 F - a wand of paralysis (21)
 G - a wand of iceblast (2)
 S - a wand of mindburst (11)
Scrolls
 m - 5 scrolls of teleportation
 n - 2 scrolls of enchant weapon
 q - a scroll of enchant armour
 w - 2 scrolls of immolation
 z - a scroll of brand weapon
 A - a scroll of poison {unknown}
 J - a scroll of revelation
 K - a scroll of vulnerability
 N - 2 scrolls of fear
 Q - a scroll of torment
 U - a scroll of acquirement {unknown}
Potions
 f - 3 potions of enlightenment
 h - 8 potions of curing
 j - 3 potions of mutation
 k - a potion of berserk rage
 l - 3 potions of attraction
 o - 3 potions of resistance
 s - 7 potions of heal wounds {unknown}
 v - a potion of invisibility
 x - 2 potions of lignification
 B - 3 potions of haste
 E - 2 potions of might
 V - a potion of magic {unknown}


   Skills:
 + Level 4.9 Fighting
 + Level 7.5 Short Blades
 - Level 5.0 Ranged Weapons
 - Level 3.0 Throwing
 + Level 2.6 Armour
 + Level 7.7 Dodging
 * Level 17.9 Stealth
 - Level 5.0 Spellcasting
 + Level 8.2 Translocations
 - Level 4.0 Invocations
 - Level 3.0 Evocations
 - Level 4.0 Shapeshifting


You had 12 spell levels left.
You knew the following spells:

 Your Spells              Type           Power      Damage    Failure   Level
a - Teleport Other        Tloc           28%        N/A       1%          3
b - Lesser Beckoning      Tloc           56%        N/A       1%          2
c - Gell's Gravitas       Tloc           28%        N/A       1%          3

Your spell library contained the following spells:

 Spells                   Type           Power      Damage    Failure   Level
 Apportation              Tloc           56%        N/A       1%          1
 Manifold Assault         Tloc           28%        N/A       5%          4
 Jinxbite                 Hex            6%         N/A       24%         2
 Inner Flame              Hex/Fire       3%         N/A       43%         3
 Ozocubu's Armour         Ice            3%         N/A       43%         3
 Dispersal                Tloc           14%        N/A       63%         6
 Flame Wave               Conj/Fire      3%         2d5       85%         4
 Sticky Flame             Conj/Fire      3%         2d3       85%         4
 Summon Ice Beast         Ice/Summ       3%         N/A       85%         4
 Alistair's Intoxication  Tmut/Pois      2%         N/A       99%         5
 Summon Mana Viper        Hex/Summ       3%         N/A       99%         5
 Monstrous Menagerie      Summ           1%         N/A       100%        7
 Ozocubu's Refrigeration  Ice            1%         4d7       100%        7
 Disjunction              Tloc           14%        N/A       100%        8


Dungeon Overview and Level Annotations

Branches:
Dungeon (11/15)            Temple (1/1) D:4            Lair (1/5) D:8
    Orc (1/2) D:9         Ossuary (visited)

Altars:
Ashenzari
Cheibriados
Dithmenos
Elyvilon
Fedhas
Gozag
Hepliaklqana
Kikubaaqudgha
Makhleb
Nemelex Xobeh
Okawaru
Qazlal
Ru
Sif Muna
Trog
Uskayaw
Vehumet
Wu Jian
Xom
Yredelemnul
Zin
The Shining One

Shops:
D:1 !   D:10 =

Annotations:
D:4 2 transporters, obanaku's ghost, amateur DENe
D:8 4 runed translucent doors
D:9 2 runed translucent doors


Innate Abilities, Weirdness & Mutations

You are very small and have problems with some larger weapons.
You are too small for most types of armour.
You have supernaturally acute eyesight. (SInv)
You cover ground extremely quickly. (Speed+++)


Message History

You throw a curare-tipped dart.
The curare-tipped dart hits the orc warlord.
The orc warlord is poisoned.
The orc warlord convulses.
The orc warlord seems to slow down.
The orc warlord is lightly wounded.
Throw: dart (poison)
Press: ? - help, Shift-Dir - straight line, f/p - orc warlord
Aim: an orc warlord, wielding a +0 arbalest and wearing a +0 plate armour (lightly wounded, very poisoned, slow, umbra, 75% to hit)
You throw a poisoned dart. The poisoned dart hits the orc warlord.
The orc warlord looks even sicker.
The orc warlord is lightly wounded.
You feel the dreadful sensation subside.
You feel stronger.
You feel agile.
You sense an unholy aura.
b - the +3 arbalest of Onaemi (weapon)
{drain, rN+ Str+3 Dex+3} You shoot a bolt.
The bolt barely misses the orc warlord.
The orc warlord shoots a bolt.
The bolt closely misses you.
You shoot a bolt.
The bolt closely misses the orc warlord.
The orc warlord shoots a bolt.
The bolt misses you.
You shoot a bolt. The bolt hits the orc warlord!!
You drain the orc warlord.
The orc warlord is heavily wounded.
The orc warlord shoots a bolt.
The bolt hits you but does no damage.
You shoot a bolt. The bolt hits the orc warlord!!
The orc warlord is severely wounded.
The orc warlord is no longer moving slowly.
You shoot a bolt. The bolt hits the orc warlord.
You drain the orc warlord.
The orc warlord is severely wounded.
The orc warlord shoots a bolt.
The bolt barely misses you.
The orc warlord shoots a bolt.
The bolt hits you!!
You emit a cloud of dark smoke.
You shoot a bolt. The bolt barely misses the orc warlord.
Your shadow shoots a bolt.
The bolt hits the orc warlord but does no damage.
The orc warlord shoots a bolt.
The bolt hits you!!
Ouch! That really hurt!
* * * LOW HITPOINT WARNING * * *
You emit a cloud of dark smoke.
The orc warlord shoots a bolt.
The bolt hits you!!
You die...

..##>###..#.#..# #.# # ..##)#
#.##.##.# #.# .###)# #.#...#.#
#####.##### ###.)# #.#._.#.#
#........># # #...##
#.#...#.###..[......# # #...#
#.##.##.............###### #...#
#..#[#..##................
....#####.#.#.###§.........######
#......##.#)#.#§@§§........#
#...##....#'#..§##..o......#
#...#####......###.........#
##### ######## #..[..(([.#
####...>.## ##..).# #...## #####


You could see an orc warlord (very poisoned, drained).

Vanquished Creatures
  Gastronok (Lair:1)
  3 two-headed ogres
  2 ugly things
  An elephant (D:8)
  A hornet (D:8)
  2 trolls
  Grinder (D:4)
  Sigmund (D:2)
  4 shadows
  2 yaks (D:8)
  A vampire (D:11)
  A wyvern (D:10)
  A wraith (D:8)
  A basilisk (D:8)
  Grum (D:10)
  3 steam dragons
  4 wargs
  2 water moccasins
  An acid dragon (D:10)
  Duvessa (D:7)
  3 orc warriors
  4 ice beasts
  8 black bears
  3 centaurs
  3 wolves (D:10)
  3 ogres
  A phantom (D:6)
  A kobold brigand (D:8)
  5 bullfrogs
  2 gnoll sergeants
  5 scorpions
  11 wights
  Dowan (D:7)
  10 killer bees
  5 howler monkeys
  A crimson imp (D:7)
  8 orc priests
  9 hounds
  4 jellies
  A gnoll bouda (D:9)
  Crazy Yiuf (D:6)
  Ijyb (D:3)
  5 iguanas
  2 sleepcaps
  Natasha (thrice) (D:4)
  12 orc wizards
  12 mummies (Ossuary)
  21 gnolls
  7 adders
  2 white imps (D:7)
  4 ufetubi
  2 worms
  3 dart slugs
  44 orcs
  9 ball pythons
  10 endoplasms
  5 giant cockroaches
  7 goblins
  7 hobgoblins
  2 jackals (D:2)
  4 quokkas
  10 bats
  6 frilled lizards
  3 gnoll skeletons (Ossuary)
  13 kobolds
  2 kobold skeletons (Ossuary)
  3 orc skeletons (Ossuary)
  4 rats
  11 rat skeletons (Ossuary)
337 creatures vanquished.

Vanquished Creatures (others)
  A giant cockroach (D:3)
  A frilled lizard (D:3)
2 creatures vanquished.

Grand Total: 339 creatures vanquished

Notes
Turn   | Place    | Note
-------+----------+-------------------------------------------
     0 | D:1      | Lobster4 the Spriggan Brigand began the quest for the Orb.
     0 | D:1      | Reached XP level 1. HP: 10/10 MP: 2/2
    13 | D:1      | Found Leatsoz's Distillery.
   213 | D:1      | Reached skill level 6 in Stealth
   228 | D:1      | Reached XP level 2. HP: 15/15 MP: 3/3
   763 | D:2      | Reached XP level 3. HP: 18/18 MP: 4/4
  1091 | D:2      | Noticed Sigmund
  1188 | D:2      | Killed Sigmund
  1189 | D:2      | Reached skill level 7 in Stealth
  1189 | D:2      | Reached XP level 4. HP: 18/23 MP: 5/5
  1189 | D:2      | Reached XP level 5. HP: 20/26 MP: 6/6
  1509 | D:3      | Found a shimmering altar of Xom.
  1536 | D:3      | Reached skill level 8 in Stealth
  1679 | D:3      | Learned a level 3 spell: Teleport Other
  1694 | D:3      | Identified the +3 arbalest of Onaemi {drain, rN+ Str+3
                  | Dex+3}
  1815 | D:3      | Noticed Ijyb
  1826 | D:3      | Killed Ijyb
  2125 | D:3      | Reached XP level 6. HP: 30/30 MP: 7/7
  2409 | D:3      | Reached skill level 1 in Translocations
  2697 | D:4      | Reached skill level 1 in Evocations
  2707 | D:4      | Found a shimmering blue altar of Sif Muna.
  2707 | D:4      | Noticed Grinder
  2714 | D:4      | Found a transporter.
  2723 | D:4      | Noticed obanaku's ghost (amateur DENe)
  2748 | D:4      | Found a staircase to the Ecumenical Temple.
  2754 | Temple   | Entered the Ecumenical Temple
  2794 | Temple   | Became a worshipper of Dithmenos the Shadowed
  2856 | D:4      | Reached skill level 1 in Spellcasting
  2868 | D:4      | Reached skill level 1 in Ranged Weapons
  2874 | D:4      | Found a sand-covered staircase.
  2885 | Ossuary  | Entered an ossuary
  3078 | Ossuary  | Reached XP level 7. HP: 35/35 MP: 9/9
  3211 | Ossuary  | Reached * piety under Dithmenos
  3241 | Ossuary  | Reached skill level 1 in Invocations
  3291 | Ossuary  | Reached skill level 9 in Stealth
  3522 | D:4      | Noticed Natasha
  3610 | D:4      | Found a transporter.
  3676 | D:4      | Killed Natasha
  3761 | D:4      | Paralysed by Grinder for 4 turns
  3768 | D:4      | Killed Grinder
  3769 | D:4      | Reached skill level 1 in Shapeshifting
  3962 | D:4      | Noticed Natasha
  3964 | D:4      | Killed Natasha
  3964 | D:4      | Reached ** piety under Dithmenos
  4037 | D:4      | Found a transporter.
  4057 | D:4      | Found a transporter.
  4148 | D:4      | Found a shimmering blue altar of Sif Muna.
  4375 | D:4      | Found a staircase to the Ecumenical Temple.
  4408 | D:4      | Found a transporter.
  4494 | D:4      | Found a shimmering blue altar of Sif Muna.
  4525 | D:4      | Noticed Natasha
  4532 | D:4      | Killed Natasha
  4533 | D:4      | Reached XP level 8. HP: 39/39 MP: 12/12
  4739 | D:4      | Found a transporter.
  4822 | D:5      | Entered Level 5 of the Dungeon
  4959 | D:5      | Learned a level 2 spell: Lesser Beckoning
  5013 | D:5      | Reached skill level 5 in Dodging
  5032 | D:5      | Reached skill level 10 in Stealth
  5269 | D:5      | Reached skill level 5 in Short Blades
  5308 | D:5      | Reached skill level 11 in Stealth
  5308 | D:5      | Reached XP level 9. HP: 18/44 MP: 14/14
  5875 | D:6      | Reached *** piety under Dithmenos
  6104 | D:6      | Found a sacrificial altar of Ru.
  6111 | D:6      | Reached skill level 5 in Translocations
  6166 | D:6      | Reached skill level 12 in Stealth
  6190 | D:6      | Noticed a purple ugly thing
  6257 | D:6      | Killed a purple ugly thing
  6258 | D:6      | Reached skill level 14 in Stealth
  6385 | D:6      | Found an ancient bone altar of Kikubaaqudgha.
  6470 | D:6      | Found a radiant altar of Vehumet.
  6704 | D:6      | Found a runed translucent door.
  6705 | D:6      | Noticed Crazy Yiuf
  7367 | D:6      | Identified the +5 long sword "Wurch" {freeze, rPois rC-
                  | rN++ MP+9}
  7486 | D:6      | Reached **** piety under Dithmenos
  7570 | D:6      | Killed Crazy Yiuf
  7571 | D:6      | Reached skill level 15 in Stealth
  7834 | D:7      | Found an iron altar of Okawaru.
  7887 | D:7      | Found a bloodstained altar of Trog.
  7891 | D:7      | Found a glowing silver altar of Zin.
  8020 | D:7      | Reached XP level 10. HP: 49/49 MP: 16/16
  8181 | D:7      | Learned a level 3 spell: Gell's Gravitas
  8285 | D:7      | Found a blossoming altar of Fedhas.
  8288 | D:7      | Noticed Dowan
  8302 | D:7      | Found a snail-covered altar of Cheibriados.
  8304 | D:7      | Noticed Duvessa
  8332 | D:7      | Killed Duvessa
  8349 | D:7      | Killed Dowan
  8457 | D:7      | Found a sparkling altar of Nemelex Xobeh.
  8769 | D:7      | Found a burning altar of Makhleb.
  9458 | D:8      | Reached ***** piety under Dithmenos
  9641 | D:8      | Found a staircase to the Lair.
  9641 | D:8      | Noticed an elephant
  9671 | D:8      | Killed an elephant
  9672 | D:8      | Reached skill level 1 in Armour
  9881 | D:8      | Found a large runed translucent door.
  9881 | D:8      | Found a large runed translucent door.
  9889 | D:8      | Reached skill level 16 in Stealth
 10003 | D:8      | Found a large runed translucent door.
 10013 | D:8      | Reached skill level 5 in Spellcasting
 10014 | D:8      | Found a large runed translucent door.
 10095 | D:8      | Noticed a guardian serpent
 10107 | D:8      | a guardian serpent changed into a wind drake
 10233 | D:8      | Reached XP level 11. HP: 53/53 MP: 19/19
 10593 | D:9      | Found a hide-covered altar of Uskayaw.
 10648 | D:9      | Found a staircase to the Orcish Mines.
 10779 | D:9      | Found a runed translucent door.
 10831 | D:9      | Found a runed translucent door.
 10929 | D:9      | Noticed a two-headed ogre
 10942 | D:9      | Killed a two-headed ogre
 10943 | D:9      | Reached skill level 5 in Ranged Weapons
 11045 | D:10     | Entered Level 10 of the Dungeon
 11055 | D:10     | Found Sioff's Jewellery Boutique.
 11186 | D:10     | Found a stormy altar of Qazlal.
 11267 | D:10     | Noticed a two-headed ogre
 11273 | D:10     | Killed a two-headed ogre
 11274 | D:10     | Reached skill level 17 in Stealth
 11467 | D:10     | Noticed Grum
 11526 | D:10     | Killed Grum
 11891 | D:11     | Noticed a red ugly thing
 11908 | D:11     | Killed a red ugly thing
 12117 | Lair:1   | Entered Level 1 of the Lair of Beasts
 12117 | Lair:1   | Noticed Gastronok
 12126 | Lair:1   | Killed Gastronok
 12246 | Orc:1    | Entered Level 1 of the Orcish Mines
 12255 | Orc:1    | Noticed a two-headed ogre
 12258 | Orc:1    | Killed a two-headed ogre
 12421 | Orc:1    | Noticed an orc warlord
 12455 | D:9      | HP: 2/54 [orc warlord/bolt (31)]
 12455 | D:9      | Shot with a bolt by an orc warlord

Illustrated notes

Levels and vault maps discovered:
D:1:      wander_arrival_lonely_grave, layout_rooms, serial_shops,
          nicolae_lakefront_shop
D:2:      layout_basic, st_stairs_14, uniq_sigmund
D:3:      layout_basic, xom_confusion_cloud, uniq_ijyb
D:4:      layout_cave_pools, kennysheep_mini_moat, minmay_temple_entry_fiery,
          enter_ossuary_3, gammafunk_ghost_mausoleum, dreamdust_princess_bridge,
          uniq_natasha, uniq_grinder
D:5:      layout_basic, amcnicky_mini_rare_corridor_liquid,
          hangedman_decor_clover_reticule, minmay_misc_feat_enclosed,
          minmay_starry_boxes
D:6:      layout_layer_cave, marbit_many_paths,
          mainiacjoe_overflow_six_doors_small, nicolae_vehumet_radiance,
          nzn_random_ring, uniq_crazy_yiuf_cottage
D:7:      layout_rooms, mainiacjoe_overflow_chevrons, amcnicky_altar_gilded,
          nemelex_dance_club_becter, lemuel_crystal_altar,
          mainiacjoe_overflow_brackets, lightli_temple_of_fire, slow_altar_1,
          minmay_fire_ice_demons, uniq_duvessa
D:8:      kennysheep_ambush_hall, layout_basic, david_lair_generic,
          minmay_hollow_rounded_squares
D:9:      lemuel_insect_pit, layout_rooms, mainiacjoe_overflow_surrounded_room,
          minmay_orc_entry_guard_dogs
D:10:     layout_irregular_city, lemuel_round_altar,
          minmay_shop_enchanted_jewellery, uniq_grum
D:11:     layout_cross, nicolae_trove_entry_crystal,
          chequers_serial_rivers_large_a
Temple:   pf_temple_reverse_labyrinth
Lair:1:   layout_layer_cave, uniq_gastronok
Orc:1:    layout_diamond_mine

Skill      XL: |  1  2  3  4  5  6  7  8  9 10 11 |
---------------+----------------------------------+-----
Stealth        | 6 7 8 9 11 15 16 17 | 17.9
Dodging        | 2 3 4 5 6 7 |  7.7
Fighting       | 2 3 4 |  4.9
Short Blades   | 3 4 5 6 7 |  7.5
Throwing       | 3 |  3.0
Translocations | 1 2 4 5 7 8 |  8.2
Evocations     | 1 2 3 |  3.0
Spellcasting   | 1 2 3 5 |  5.0
Ranged Weapons | 1 3 4 5 |  5.0
Invocations    | 1 3 4 |  4.0
Shapeshifting  | 1 3 4 |  4.0
Armour         | 1 2 |  2.6

Action                     |  1- 3 |  4- 6 |  7- 9 | 10-12 || total
---------------------------+-------+-------+-------+-------++-------
  Melee: Dagger            |    93 |    85 |    44 |    74 ||   296
         Punch             |     2 |       |       |       ||     2
   Fire: Arbalest          |       |    55 |   276 |   267 ||   598
  Throw: Dart              |    28 |    21 |    11 |    23 ||    83
         Throwing net      |       |       |       |     3 ||     3
   Cast: Gell's Gravitas   |       |       |       |     4 ||     4
         Teleport Other    |       |       |       |     1 ||     1
  Evoke: Wand              |       |       |       |     4 ||     4
    Use: Scroll            |       |    10 |     9 |     6 ||    25
   Stab: Sleeping          |     8 |     2 |     7 |    22 ||    39
         Distracted        |       |     1 |       |       ||     1
         Paralysed         |       |       |       |     1 ||     1
 Armour: Robe              |    17 |    27 |    37 |    34 ||   115
         Steam dragon scal |       |       |       |    30 ||    30
  Dodge: Dodged            |    63 |    96 |   184 |   214 ||   557
         Form:             |       |       |     2 |       ||     2
         Beast             |       |       |     2 |       ||     2

Table legend: (Time is in decaauts)
 A = Elapsed time spent in this place.
 B = Non-inter-level travel time spent in this place.
 C = Inter-level travel time spent in this place.
 D = Time resting spent in this place.
 E = Time spent auto-exploring this place.
 F = Levels seen in this place.
 G = Mean time per level.
                   A        B        C        D        E       F      G
               +--------+--------+--------+--------+--------+-----+--------+
         Total |   8906 |   8369 |    537 |    843 |   4492 |  15 |  593.7 |
       Dungeon |   8297 |   7807 |    490 |    727 |   4318 |  11 |  754.3 |
        Temple |     49 |      3 |     46 |      0 |      0 |   1 |   49.0 |
          Lair |     10 |     10 |      0 |      0 |      0 |   1 |   10.0 |
  Orcish Mines |     49 |     49 |      0 |      0 |      8 |   1 |   49.0 |
       Ossuary |    499 |    499 |      0 |    116 |    166 |   1 |  499.0 |
               +--------+--------+--------+--------+--------+-----+--------+

Top non-repeatable levels by time:
     D:6: 1358 daAuts
     D:8: 1096 daAuts
     D:4: 1023 daAuts
     D:7: 852 daAuts
     D:5: 812 daAuts
    D:10: 756 daAuts
     D:3: 756 daAuts
     D:2: 579 daAuts
     D:9: 577 daAuts
 Ossuary: 499 daAuts
     D:1: 451 daAuts
  Temple: 49 daAuts
   Orc:1: 49 daAuts
    D:11: 33 daAuts
  Lair:1: 10 daAuts
